Get step-by-step instructions on how to execute this build order below. Start the game timer, and the build order will tick by so you can play in parallel with StarCraft on a second screen or mobile device.

Game Time

  0:00

Last Step

  N/A

Next Step

  12  0:00  Probe (Chrono Boost)  

Upcoming Step

  13  0:11  Probe (Chrono Boost)  

Don't want to look back and forth between 2 screens? Try out our Overwolf App, the Spawning Tool Build Advisor to get an in-game overlay with this build!

Complete Build Order

  12  0:00  Probe (Chrono Boost)  
  13  0:11  Probe (Chrono Boost)  
  14  0:17  Pylon  
  14  0:22  Probe (Chrono Boost)  
  15  0:35  Probe (Chrono Boost)  
  16  0:37  Gateway  
  16  0:46  Probe (Chrono Boost)  
  16  0:47  Assimilator  
  17  0:56  Probe (Chrono Boost)  
  18  1:07  Probe (Chrono Boost)  
  19  1:21  Nexus  
  19  1:31  Cybernetics Core  
  19  1:35  Probe (Chrono Boost)  
  20  1:42  Assimilator  
  20  1:45  Probe (Chrono Boost)  
  21  1:51  Pylon  
  21  1:56  Probe (Chrono Boost)  
  22  2:09  Mothership Core (Chrono Boost), Adept (Chrono Boost)  
  22  2:15  Warp Gate  
  26  2:27  Probe  
  27  2:32  Probe  
  28  2:39  Probe  
  28  2:43  Probe  
  29  2:44  Pylon  
  29  2:46  Stargate  
  30  2:52  Probe  
  30  2:54  Probe, Pylon  
  32  3:02  Adept (Chrono Boost)  
  32  3:04  Probe x2  
  35  3:15  Probe  
  35  3:16  Probe  
  37  3:26  Gateway  
  37  3:28  Probe x2  
  37  3:31  Phoenix (Chrono Boost)  
  40  3:40  Probe  
  41  3:41  Probe, Robotics Facility  
  42  3:52  Probe x2  
  42  3:53  Phoenix (Chrono Boost)  
  46  3:57  Pylon  
  46  4:04  Probe  
  46  4:07  Probe  
  46  4:16  Probe  
  46  4:17  Probe  
  46  4:22  Pylon  
  47  4:26  Phoenix (Chrono Boost)  
  49  4:33  Probe x2  
  49  4:34  Observer (Chrono Boost)  
  50  4:44  Probe  
  49  4:45  Probe  
  52  5:00  Probe  
  52  5:02  Probe  
  52  5:03  Pylon  
  53  5:10  Nexus  
  53  5:12  Probe  
  54  5:16  Phoenix  
  54  5:19  Probe  
  57  5:24  Probe  
  57  5:26  Gateway  
  59  5:29  Observer (Chrono Boost)  
  59  5:30  Probe  
  59  5:35  Forge  
  60  5:36  Probe  
  60  5:39  Twilight Council  
  60  5:41  Probe  
  62  5:48  Probe  
  63  5:51  Probe  
  64  5:57  Assimilator  
  64  5:59  Assimilator  
  64  6:00  Probe  
  64  6:02  Probe  
  66  6:10  Resonating Glaives  
  66  6:12  Probe  
  66  6:13  Probe  
  68  6:21  Pylon  
  68  6:22  Protoss Ground Weapons Level 1 (Chrono Boost)  
  68  6:24  Probe x2  
  69  6:25  Probe  
  71  6:34  Probe  
  71  6:37  Probe, Assimilator  
  71  6:38  Probe, Warp Prism  
  76  6:40  Assimilator  
  76  6:45  Probe  
  76  6:46  Gateway, Robotics Bay  
  76  6:47  Gateway  
  77  6:50  Gateway  
  77  6:51  Pylon  
  77  6:52  Adept  
  77  6:53  Adept  
  81  6:55  Probe x2  
  81  6:56  Probe  
  84  7:06  Probe  
  84  7:07  Pylon, Probe  
  84  7:08  Probe, Sentry  
  89  7:18  Pylon  
  88  7:23  Pylon  
  88  7:26  Adept  
  88  7:27  Adept  
  88  7:28  Colossus  
  92  7:36  Gateway x2  
  92  7:37  Extended Thermal Lance (Chrono Boost)  
  98  7:39  Pylon  
  98  7:40  Probe  
  98  7:43  Blink  
  99  7:44  Adept  
  99  7:49  Pylon  
  99  7:51  Pylon  
  101  7:54  Adept x4  
  109  8:04  Protoss Ground Armor Level 1 (Chrono Boost)  
  109  8:16  Adept x4  
  109  8:17  Colossus  
  117  8:20  Adept x2  
  120  8:30  Probe x2  
  112  8:37  Adept x4  
  112  8:38  Probe  
  112  8:41  Adept  
  119  8:42  Probe x2  
  115  8:50  Probe  
  115  8:54  Mothership Core  
  115  8:55  Probe  
  119  9:04  Nexus  
  119  9:06  Sentry x2  
  123  9:10  Colossus  
  123  9:12  Photon Cannon  
  123  9:19  Probe  
  128  9:33  Adept x5  
  128  9:37  Stalker  
  136  9:39  Probe  
  136  9:40  Probe  
  138  9:47  Protoss Ground Armor Level 2 (Chrono Boost)  
  134  9:55  Dark Shrine  
  134  9:56  Probe x3  
  137  10:02  Stalker  
  137  10:03  Stalker x2  
  137  10:04  Warp Prism  
  145  10:18  Stalker x3  
  145  10:20  Probe x2  
  151  10:23  Probe  
  152  10:29  Forge  
  152  10:30  Pylon  
  152  10:34  Stalker x3  
  158  10:39  Stalker  
  158  10:40  Stalker  
  162  10:43  Probe x2  
  162  10:46  Pylon  
  162  10:49  Colossus, Assimilator  
  164  10:51  Sentry  
  164  10:53  Assimilator  
  164  10:54  Pylon  
  167  11:04  Adept x3  
  163  11:22  Photon Cannon  
  163  11:23  Stalker x2  
  163  11:24  Stalker  
  169  11:30  Photon Cannon  
  169  11:34  Adept x4  
  176  11:50  Protoss Ground Armor Level 3 (Chrono Boost)  
  176  11:55  Stalker  
  176  11:56  Stalker  
  178  12:01  Probe  
  178  12:02  Probe x2  
  178  12:03  Probe  
  178  12:07  Protoss Ground Weapons Level 2 (Chrono Boost)  
  182  12:10  Dark Templar x2  
  182  12:12  Probe  
  182  12:14  Probe  
  188  12:17  Probe x2  
  188  12:29  Stalker, Dark Templar x2  
  164  12:37  Stalker x3  
  164  12:44  Stalker x2  
  146  12:45  Probe  
  146  12:46  Probe x2  
  146  12:47  Probe  
  150  12:58  Probe, Stalker  
  152  13:01  Assimilator  
  152  13:02  Stalker x3  
  152  13:03  Sentry x2  
  163  13:06  Observer  
  163  13:07  Stalker  
  163  13:09  Stalker  
  141  13:26  Stalker x3  
  141  13:27  Stalker, Adept x2  
  111  13:28  Colossus  
  109  13:37  Dark Templar x2  
  113  13:47  Robotics Facility  
  113  13:52  Photon Cannon  
  112  13:56  Adept x2  
  112  14:00  Dark Templar  
  118  14:13  Phoenix (Chrono Boost)  
  118  14:20  Colossus  
  118  14:21  Sentry x3  
  118  14:22  Adept x3  
  134  14:33  Dark Templar  
  136  14:43  Colossus  
  136  14:58  Sentry x2, Stalker x2  
  140  15:11  Stalker  
  140  15:12  Stalker x2  
  139  15:32  Stalker x4  
  147  15:39  Colossus  
  153  15:43  Dark Templar  
  149  15:54  Dark Templar  
  143  16:00  Stalker x3  
  137  16:27  Dark Templar  
  97  16:34  Dark Templar